 Dungeon Crawl Stone Soup version 0.30-a0-722-g3e6e8c874d (webtiles) character file.

Game seed: 13919430013445928478

84 Arximoufas the Poker (level 4, -5/33 HPs)
             Began as a Human Wanderer on Jan 28, 2023.
             Was a Follower of the Shining One.
             Killed by divine providence
             ... invoked by an orc priest
              (16 damage)
             ... on level 3 of the Dungeon.
             The game lasted 00:08:43 (1863 turns).

Arximoufas the Poker (Human Wanderer)               Turns: 1863, Time: 00:08:44

Health: -5/33      AC: 10    Str:  9    XL:     4   Next: 72%
Magic:  5/5        EV:  4    Int: 18    God:    the Shining One [*.....]
Gold:   58         SH:  0    Dex: 12    Spells: 3/5 levels left

rFire   . . .      SeeInvis .    a - +2 spear
rCold   . . .      Faith    .    (no shield)
rNeg    . . .      Spirit   .    q - +0 chain mail
rPois   .          Reflect  .    (no helmet)
rElec   .          Harm     .    (no cloak)
rCorr   .          Rampage  .    l - +0 pair of gloves
Will    .....                    b - +0 pair of boots Stlth
                                 (no amulet)
HPRegen 0.25/turn                (no ring)
MPRegen 0.09/turn                (no ring)

@: glowing
A: no striking features
a: Renounce Religion, Divine Shield


You were on level 3 of the Dungeon.
You worshipped the Shining One.
The Shining One was aware of your devotion.
You visited 1 branch of the dungeon, and saw 3 of its levels.

You collected 58 gold pieces.

Inventory:

Hand Weapons
 a - a +2 spear (weapon)
 k - a +1 mace of protection
 n - a +0 rapier
Armour
 b - a +0 pair of boots (worn)
 d - a +0 robe
 g - a +0 leather armour
 l - a +0 pair of gloves (worn)
 q - a +0 chain mail (worn)
Scrolls
 c - a scroll of enchant armour {unknown}
 h - 2 scrolls of teleportation {unknown}
 j - a scroll of poison {unknown}
 o - a scroll of torment {unknown}
 p - a scroll of blinking {unknown}
Potions
 e - a potion of attraction {unknown}
 f - 2 potions of heal wounds
 i - a potion of haste {unknown}
 m - 3 potions of curing {unknown}
 r - 2 potions of flight {unknown}
 s - a potion of lignification {unknown}


   Skills:
 + Level 2.1 Fighting
 * Level 3.5 Polearms
 - Level 2.0 Dodging
 + Level 1.9 Stealth
 - Level 1.0 Spellcasting
 - Level 3.0 Translocations
 - Level 1.0 Evocations


You had 3 spell levels left.
You knew the following spells:

 Your Spells              Type           Power      Damage    Failure   Level
a - Apportation           Tloc           22%        N/A       100%        1
b - Foxfire               Conj/Fire      0%         2x1d4     100%        1

Your spell library contained the following spells:

 Spells                   Type           Power      Damage    Failure   Level
 Necrotise                Necr           0%         1d4       100%        1
 Teleport Other           Tloc           11%        N/A       100%        3
 Vampiric Draining        Necr           0%         2d6       100%        3
 Agony                    Necr           0%         N/A       100%        5
 Fireball                 Conj/Fire      0%         3d3       100%        5
 Starburst                Conj/Fire      0%         6d3       100%        6


Dungeon Overview and Level Annotations

Branches:
Dungeon (3/15)

Altars:
The Shining One


Message History

This altar belongs to (a) the Shining One, (b) Qazlal or (c) Okawaru, but you can't tell which.
Press the corresponding letter to learn more about a god, or press enter to convert or escape to cancel.
The Shining One accepts your prayer! The Shining One welcomes you!
You and your allies can now gain power from killing the unholy and evil.
You can now call upon the Shining One for a divine shield.
You see here a +0 mace.
You hear the slow rusting of a distant drain.
Found a tubular golden ring.
The orc shouts!
You hear a shout!
You hit the ball python.
You kill the ball python!
You hit the orc.
The orc is moderately wounded.
The orc barely misses you.
You hit the orc.
The orc is heavily wounded.
You hit the orc.
The orc is almost dead.
The orc hits you but does no damage. The orc barely misses you.
You hit the orc.
You kill the orc!
The orc priest hits you with a +0 mace. The orc hits you but does no damage.
You see here a ball python corpse.
You hit the orc priest.
The orc priest is moderately wounded.
The orc priest hits you with a +0 mace. The orc hits you but does no damage.
You hit the orc priest.
The orc priest is severely wounded.
The orc priest hits you but does no damage.
The orc hits you but does no damage.
You hit the orc priest.
The orc priest is almost dead.
The orc priest invokes the aid of Beogh against you.
Beogh smites you! The orc hits you but does no damage.
You hit the orc priest but do no damage.
The orc priest is almost dead.
The orc priest calls down the wrath of Beogh upon you.
Beogh smites you!
You die...

b.... #### ...#
.o....# .._# ...
......# ...# ..##
....=.# ...#
.###......# ...#
..#....... ...#
##### #........ ...#
#...# ##.o.#..###
.รท.# #...#
##.)@#......
8)8####...###....o.#
#....##.......######
.....#........#
#....#...<#####
#.........#
#....##...#
#....##...#
#....##...#


You could see an orc priest and 2 orcs.

Vanquished Creatures
  An adder (D:2)
  A worm (D:2)
  3 dart slugs
  3 orcs (D:3)
  6 ball pythons
  5 endoplasms
  3 giant cockroaches (D:1)
  5 goblins
  4 hobgoblins
  7 jackals
  3 kobolds
  3 quokkas
  5 bats
  2 frilled lizards (D:1)
  4 rats
55 creatures vanquished.

Notes
Turn   | Place    | Note
-------+----------+-------------------------------------------
     0 | D:1      | Arximoufas the Human Wanderer began the quest for the Orb.
     0 | D:1      | Arximoufas set off with the following items: a +2 spear, a
                  | +0 pair of boots, a scroll of butterflies, a +0 robe; and
                  | the following spell memorised: Apportation; and the
                  | following spells available to memorise: Teleport Other.
     0 | D:1      | Reached XP level 1. HP: 15/15 MP: 2/2
   115 | D:1      | Reached XP level 2. HP: 21/21 MP: 3/3
   227 | D:1      | Reached skill level 1 in Stealth
   328 | D:1      | Reached XP level 3. HP: 26/26 MP: 4/4
   785 | D:2      | Reached XP level 4. HP: 15/33 MP: 5/5
  1796 | D:3      | Learned a level 1 spell: Foxfire
  1807 | D:3      | Found a faded altar of an unknown god.
  1816 | D:3      | Prayed at the altar of an unknown god.
  1816 | D:3      | Became a worshipper of the Shining One
  1816 | D:3      | Reached * piety under the Shining One
  1863 | D:3      | Killed from afar by an orc priest

Illustrated notes

Levels and vault maps discovered:
D:1:      nicolae_arrival_washed_ashore, layout_basic, minivault_26,
          minmay_domino_2
D:2:      layout_loops_cross
D:3:      minmay_bubble_buster, layout_rooms, mainiacjoe_overflow_brackets,
          grunt_gozag_statues, shapermc_ecumenical_altar_pompeii,
          gup_sewer_entry_bowl

Skill      XL: |  1  2  3  4 |
---------------+-------------+-----
Stealth        | 1 |  1.9
Polearms       | 3 |  3.5
Fighting       | 2 |  2.1
Dodging        | |  2.0
Spellcasting   | |  1.0
Translocations | |  3.0
Evocations     | |  1.0

Action                     |  1- 3 |  4- 6 || total
---------------------------+-------+-------++-------
  Melee: Spear             |   107 |    91 ||   198
         Punch             |     1 |     2 ||     3
    Use: Potion            |     1 |       ||     1
         Scroll            |       |     1 ||     1
   Stab: Sleeping          |     2 |     2 ||     4
 Armour: Leather armour    |    44 |    21 ||    65
         Chain mail        |       |    30 ||    30
  Dodge: Dodged            |    66 |    37 ||   103

Table legend: (Time is in decaauts)
 A = Elapsed time spent in this place.
 B = Non-inter-level travel time spent in this place.
 C = Inter-level travel time spent in this place.
 D = Time resting spent in this place.
 E = Time spent auto-exploring this place.
 F = Levels seen in this place.
 G = Mean time per level.
                   A        B        C        D        E       F      G
               +--------+--------+--------+--------+--------+-----+--------+
         Total |   1853 |   1765 |     88 |    312 |    969 |   3 |  617.7 |
       Dungeon |   1853 |   1765 |     88 |    312 |    969 |   3 |  617.7 |
               +--------+--------+--------+--------+--------+-----+--------+

Top non-repeatable levels by time:
     D:2: 1001 daAuts
     D:1: 756 daAuts
     D:3: 95 daAuts
